[Event "*** Titled Tuesday Blitz"]
[Site "Chess.com"]
[Date "2021.04.20"]
[Round "10"]
[White "kidagent"]
[Black "maxip32"]
[Result "1-0"]
[WhiteElo "2352"]
[BlackElo "2498"]
[TimeControl "180+1"]
[EndTime "11:55:59 PDT"]
[Termination "kidagent won on time"]

1. e4 c5 2. Nf3 d6 3. d4 cxd4 4. Nxd4 Nf6 5. Nc3 a6 6. Bg5 e6 7.
f4 Nbd7 8. Qf3 h6 9. Bh4 e5 10.
fxe5 Nxe5 11. Qf2 Be7 12. O-O-O Nfg4 13. Bxe7 Nxf2 14. Bxd8 Kxd8 15. Be2 Nxh1 16. Rxh1 Be6 17. Rd1 Kc7 18. Nf5 Rad8 19. Nxg7 Rhg8 20. Nxe6+ fxe6 21. g3 Rgf8 22. Bf1 Rf2 23. Bh3 Re8 24. Rd2 Rxd2 25.
Kxd2 Nf3+ 26. Ke3 Ne5 27. b3 Kd8 28. Ne2 Ke7 29. Nf4 Kf6 30. c4 Nf7 31. Nh5+ Ke7 32. Ng7 Rh8 33. Nxe6 Ng5 34. Nf4 Ra8 35. Bf5 b5 36. h4 Nf7 37. Kd4 Ne5 38. Nd5+ Kf7 39. g4 bxc4 40. bxc4 Rg8 41. h5 Nxg4 42. Nf4 Rg7 43. Kd5 Ne3+ 44. Kxd6 Nxf5+ 45. exf5 Kf6 46. Ne6 Rg1 47. c5 Kxf5 48. Nd4+ Kf6 49. c6 Rd1 50. Kc5 Rc1+ 51. Kb6 Kg5 52. c7 Rb1+ 53. Kxa6 Rc1 54. Kb7 1-0

[Event "*** Titled Tuesday Blitz"]
[Site "Chess.com"]
[Date "2021.04.20"]
[Round "10"]
[White "stepakyedael"]
[Black "MFguimaraes"]
[Result "0-1"]
[WhiteElo "2232"]
[BlackElo "2397"]
[TimeControl "180+1"]
[EndTime "11:55:59 PDT"]
[Termination "MFguimaraes won on time"]

1. d4 Nf6 2. c4 g6 3. Nc3 d5 4. Nf3 Bg7 5. Bf4 O-O 6. e3 b6 7. Qb3 dxc4 8. Bxc4 Nc6 9. Ng5 e6 10. Qd1 Na5 11. Be2 Nd5 12. Nxd5 exd5 13. O-O c5 14. Rc1 Bb7 15. dxc5 Bxb2 16. Rb1 Bf6 17. Nf3 bxc5 18. Qa4 Bc6 19. Qa3 Be7 20. Ne5 Be8 21. Bb5 f6 22. Nf3 Bxb5 23. Rxb5 Nc4 24. Qd3 Qd7 25. Rfb1 Nb6 26. a4 Nxa4 27. Rb7 Qe6 28.
Rxe7 Qxe7 29. Qxd5+ Qf7 30. Qc6 Qa2 31. Rf1 Rac8 32.
Qd7 Nb6 33. Qb7 Qd5 34. Qxa7 Nd7 35. h3 Kf7 36. Qa4 Rfd8 37. Rd1 Qc6 38. Qc4+ Qe6 39. Qa4 Nf8 40. Rxd8 Rxd8 41. Qb5 Rd1+ 42. Kh2 c4 43. Qa4 Rd7 44. Qa5 Qd5 45. Qc3 g5 46. Bg3 Ng6 47.
Nd4 Ne5 48. Qc2 Nd3 49. Qe2 Qe4 50. Qh5+ Qg6 51. Qg4 Re7 52. Nf5 h5 53. Nxe7 hxg4 0-1

[Event "*** Titled Tuesday Blitz"]
[Site "Chess.com"]
[Date "2021.04.20"]
[Round "10"]
[White "CM_rui"]
[Black "Agoking701"]
[Result "0-1"]
[WhiteElo "2442"]
[BlackElo "2321"]
[TimeControl "180+1"]
[EndTime "11:56:01 PDT"]
[Termination "Agoking701 won by checkmate"]

1. e4 e5 2. Nf3 Nc6 3. Bb5 Nf6 4.
O-O Nxe4 5. d4 Nd6 6. Bxc6 dxc6 7. dxe5 Nf5 8. Qxd8+ Kxd8 9. Bg5+ Ke8 10. Rd1 Be6 11.
Nc3 h6 12. Bf4 Be7 13. h3 Rd8 14. Rxd8+ Kxd8 15. Rd1+ Kc8 16. Ne4 b6 17. b3 Bd5 18.
Ned2 g5 19. Bh2 Rd8 20. Re1 Bb4 21. Rc1 Bxd2 22. Nxd2 Bxg2 23. Kxg2 Rxd2 24. Kf3 Nd4+ 25. Ke3 Rxc2 26. Rd1 c5 27. Re1 Rxa2 28. Kd3 Rxf2 29. Bg1 Rf3+ 30. Kc4 Rxh3 31. Kd5 Rxb3 32. Rf1 Rf3 33.
Ra1 a5 34. Kc4 Kd7 35. Kd5 c6+ 36. Ke4 Rf4+ 37. Kd3 Ke6 38. Be3 Rf3 39. Rh1 Nf5 40. Ke2 Rxe3+ 41. Kd2 Rxe5 42. Rf1 Nd4 43. Kc3 f5 44. Rd1 f4 45. Rd3 h5 46. Rd1 h4 47.
Kc4 Kf5 48. Kd3 b5 49. Kd2 a4 50. Kc1 b4 51. Kb2 a3+ 52. Ka2 Re2+ 53. Ka1 h3 54. Rd3 b3 55. Rd1 h2 56. Rb1 Rg2 57. Rxb3 Nxb3+ 58. Kb1 a2# 0-1

[Event "*** Titled Tuesday Blitz"]
[Site "Chess.com"]
[Date "2021.04.20"]
[Round "10"]
[White "Ajedrez_con_German"]
[Black "adnan_nn"]
[Result "0-1"]
[WhiteElo "2523"]
[BlackElo "2666"]
[TimeControl "180+1"]
[EndTime "11:56:03 PDT"]
[Termination "adnan_nn won on time"]

1. Nf3 c5 2. e3 g6 3. d4 Bg7 4. Be2 Nf6 5. O-O d5 6. dxc5 O-O 7. Nbd2 Nbd7 8. Nb3 Qc7 9. Bd2 Nxc5 10. Nxc5 Qxc5 11.
Bc3 Bg4 12. Bd4 Qc7 13. Be5 Qb6 14. Bd4 Qa5 15. Bc3 Qa4 16. Qd4 Qxd4 17. Bxd4 Rfc8 18. c3 Nd7 19. Bxg7 Kxg7 20. Rfd1 e6 21. h3 Bxf3 22. Bxf3 Ne5 23. Be2 Nc4 24. Bxc4 Rxc4 25. Rd4 Rac8 26. Rad1 b5 27. Kf1 a5 28. Ke2 Kf6 29. Rxc4 bxc4 30.
Kd2 a4 31. Kc2 Ke5 32. f3 f5 33. Rd4 Rb8 34. f4+ Kf6 35. g4 fxg4 36. hxg4 h5 37. gxh5 gxh5 38. e4 h4 39. exd5 exd5 40. Rxd5 Rh8 41. b3 h3 42. Rd1 h2 43. Rh1 Kf5 44.
bxc4 Kxf4 45. Kb2 Kg3 46. Ka3 Kg2 47. Rxh2+ Rxh2 48. Kxa4 Kf3 49. c5 Ke4 50. Kb5 Kd5 51. c4+ Ke6 52. Kc6 Rxa2 53. Kc7 Ra4 54. c6 Rxc4 0-1

[Event "*** Titled Tuesday Blitz"]
[Site "Chess.com"]
[Date "2021.04.20"]
[Round "10"]
[White "klimkoj"]
[Black "fastestmindalive"]
[Result "0-1"]
[WhiteElo "2616"]
[BlackElo "2760"]
[TimeControl "180+1"]
[EndTime "11:56:04 PDT"]
[Termination "fastestmindalive won on time"]

1. e4 c5 2. Nf3 Nc6 3. d4 cxd4 4. Nxd4 Nf6 5. Nc3 d6 6. Bg5 e6 7. Qd2 a6 8. O-O-O Bd7 9. f3 Nxd4 10. Qxd4 Be7 11.
h4 h6 12. Be3 h5 13. Bg5 b5 14.
Ne2 Qa5 15. Kb1 Rc8 16. Ng3 Qc7 17. Qd2 a5 18. f4 a4 19. Be2 b4 20. e5 b3 21.
cxb3 axb3 22. exf6 gxf6 23. Nxh5 fxg5 24. hxg5 Rg8 25. Bd3 bxa2+ 26. Ka1 d5 27. Rc1 Qb7 28. Rxc8+ Qxc8 29. Rc1 Qb8 30. Qc3 Qb6 31. Bh7 Rf8 32. Nf6+ Kd8 33. Bd3 Bd6 34. Nxd7 Kxd7 35. Bb5+ Qxb5 36.
g6 fxg6 37. Qg7+ Kd8 38. Qxg6 Qd7 39. Qg5+ Be7 40. Qg3 Bf6 41. Qb3 Ke7 42. Qh3 Qb7 43. Qa3+ Kf7 44. g4 Rb8 45. Rc2 Ra8 46. Qh3 Qb5 47.
Qh5+ Kg8 48. Qg6+ Bg7 49. Qxe6+ Kf8 50. Qf5+ Ke7 51. Qg5+ Bf6 0-1

[Event "*** Titled Tuesday Blitz"]
[Site "Chess.com"]
[Date "2021.04.20"]
[Round "10"]
[White "ErikBlomqvist"]
[Black "vanyakuba"]
[Result "1-0"]
[WhiteElo "2577"]
[BlackElo "2403"]
[TimeControl "180+1"]
[EndTime "11:56:04 PDT"]
[Termination "ErikBlomqvist won by checkmate"]

1. e4 d5 2. exd5 Qxd5 3. Nf3 Nf6 4. d4 Bg4 5. Be2 Nc6 6. h3 Qh5 7. Nbd2 O-O-O 8. c3 e5 9. Nxe5 Bxe2 10. Qxe2 Qxe2+ 11. Kxe2 Nxe5 12. dxe5 Re8 13. f4 Nd5 14. Kf3 f6 15. Nc4 b5 16. Ne3 Nxe3 17. Bxe3 fxe5 18. f5 e4+ 19. Ke2 a6 20. g4 Bd6 21. a4 Kb7 22.
axb5 axb5 23. Ra5 Kc6 24. Bd4 Rhg8 25. Rha1 Bf4 26. Ra6+ Kd7 27. R1a5 h5 28. Rxb5 hxg4 29. hxg4 Rb8 30. Rd5+ Kc8 31. b4 Bd6 32. Ke3 Kb7 33. Raa5 Ra8 34. Rxa8 Kxa8 35. Kxe4 Re8+ 36. Kd3 Rg8 37. g5 Kb7 38. Ra5 Kc6 39. g6 Rf8 40. Bxg7 Re8 41. f6 Re1 42. f7 Rf1 43. Ke4 Re1+ 44. Kf3 Rf1+ 45. Kg4 Rg1+ 46. Kf5 Rf1+ 47. Ke6 Re1+ 48. Be5 Rf1 49. g7 Bxb4 50. cxb4 Kb6 51. Rc5 Re1 52. f8=Q c6 53. Qb8+ Ka6 54. Ra5# 1-0

[Event "*** Titled Tuesday Blitz"]
[Site "Chess.com"]
[Date "2021.04.20"]
[Round "10"]
[White "Hikaru"]
[Black "Zhigalko_Sergei"]
[Result "1/2-1/2"]
[WhiteElo "3175"]
[BlackElo "2944"]
[TimeControl "180+1"]
[EndTime "11:56:06 PDT"]
[Termination "Game drawn by agreement"]

1. e4 c5 2. Nf3 Nc6 3. c3 Nf6 4. e5 Nd5 5. Bc4 Nb6 6. Bb3 g6 7. O-O Bg7 8. d4 cxd4 9. cxd4 O-O 10. Bf4 d5 11. exd6 exd6 12. h3 Bf5 13. Nc3 a6 14. a3 Rc8 15. Ba2 Na5 16. Re1 h6 17. Bg3 Nac4 18.
Re2 Re8 19. Rc1 Qd7 20. Nh4 Be6 21. d5 Bf5 22. Rxe8+ Rxe8 23. Nxf5 Qxf5 24. Na4 Nxb2 25. Nxb2 Bxb2 26. Rb1 Bc3 27. Qb3 Bd4 28. Qb4 Bc5 29.
Qd2 Nc4 30. Qc3 b5 31. Rd1 Nxa3 32. Bb3 h5 33. Qd2 Nc4 34. Qa2 Na3 35. Kh2 a5 36. Rc1 a4 37. Bd1 Nc4 38. Bxa4 h4 39. Bxb5 hxg3+ 40. fxg3 Re3 41. Qxc4 Re5 42. Qf4 Qxf4 43. gxf4 Re4 44. Rf1 Be3 45. Kg3 Rb4 46. Bc6 Bc5 47. f5 g5 48. f6 Kh7 49. Bd7 Kg6 50. Bf5+ Kxf6 51. Bg4+ Kg7 52. Rf5 f6 53. Rf1 Bd4 54. Be6 Be5+ 55. Kf3 Rf4+ 56. Ke2 Rxf1 57. Kxf1 Bd4 58.
g4 1/2-1/2

[Event "*** Titled Tuesday Blitz"]
[Site "Chess.com"]
[Date "2021.04.20"]
[Round "10"]
[White "vovachesss"]
[Black "woodhy"]
[Result "0-1"]
[WhiteElo "2668"]
[BlackElo "2508"]
[TimeControl "180+1"]
[EndTime "11:56:08 PDT"]
[Termination "woodhy won on time"]

1. e4 e6 2. Qe2 Be7 3. b3 Nf6 4. Bb2 d5 5. d3 a5 6. a4 b6 7. g3 Ba6 8. Nd2 Nc6 9. Bg2 Nb4 10.
Rc1 Na2 11. Ra1 Nb4 12. Qd1 dxe4 13. Nxe4 Rb8 14. Ne2 Bxd3 15. Nxf6+ Bxf6 16. Bxf6 Qxf6 17. cxd3 Nxd3+ 18. Qxd3 Qxa1+ 19. Qd1 Qxd1+ 20. Kxd1 Ke7 21. Kc2 Rhd8 22. Nf4 c6 23. Nd3 b5 24. Ne5 Kf6 25.
Nxc6 Rdc8 26. Kb2 Rb6 27. axb5 Rc7 28. Nxa5 Rxb5 29. Ra1 Re5 30. Bf1 Rd5 31. Nc4 Rf5 32. f4 g5 33. Bd3 Rb5 34. fxg5+ Kg7 35. h4 Rd7 36. Kc3 Rdb7 37. Na5 Rc7+ 38. Kb2 Rd5 39. Bc4 Rd2+ 40. Kc3 Rg2 41. Rf1 Rxg3+ 42. Kb4 Rg4 43. h5 Rxg5 44. h6+ Kxh6 45. Rh1+ Kg7 46. Bd3 h5 47. Nc4 Rg3 48. Be4 f5 49. Ba8 Ra7 50. Bc6 Rc7 51. Kc5 Rxb3 52. Rxh5 Rc3 53. Rh4 Kf6 54.
Kd6 Rxc6+ 55. Kxc6 Kg5 56. Rd4 e5 57. Rd5 Rxc4+ 58. Kb5 Re4 0-1

[Event "*** Titled Tuesday Blitz"]
[Site "Chess.com"]
[Date "2021.04.20"]
[Round "10"]
[White "ural58"]
[Black "Didici"]
[Result "1-0"]
[WhiteElo "2480"]
[BlackElo "2584"]
[TimeControl "180+1"]
[EndTime "11:56:08 PDT"]
[Termination "ural58 won on time"]

1. e4 c5 2. b3 Nc6 3. Bb2 d6 4. Bb5 Bd7 5. Ne2 Nf6 6. Bxf6 gxf6 7. Nbc3 f5 8. exf5 Bxf5 9. d4 cxd4 10. Qxd4 Rg8 11. O-O-O a6 12. Bxc6+ bxc6 13. Ng3 Bd7 14. Rhe1 Rg6 15. Qh8 Qa5 16. Rd3 O-O-O 17. Qd4 Bg7 18. Qe3 f5 19. f4 Kb7 20. Kb2 Re8 21. Qd2 c5 22. Kb1 c4 23. Rde3 cxb3 24. cxb3 Rc8 25. Qd5+ Qxd5 26. Nxd5 e6 27. Ne7 Re8 28. Nxg6 hxg6 29.
h4 Bh6 30. Ne2 Bc6 31. g3 e5 32. Nc3 e4 33. Rd1 Re6 34. Ne2 d5 35. Nd4 Rd6 36.
Nxc6 Kxc6 37. Rc3+ Kb6 38. b4 d4 39. Rc5 Bf8 40. Kc2 Rd8 41. Rc4 d3+ 42. Kd2 Kb5 43. Rc7 Bxb4+ 44. Ke3 Bc5+ 45. Kd2 e3+ 46. Kc3 e2 47.
Rb1+ Ka4 48. Rxc5 e1=Q+ 49. Rxe1 d2 50. Rd1 a5 51. Rc4+ Ka3 52. Rd4 Re8 53. Kxd2 Re3 54.
Rd3+ Rxd3+ 55. Kxd3 1-0

[Event "*** Titled Tuesday Blitz"]
[Site "Chess.com"]
[Date "2021.04.20"]
[Round "10"]
[White "Rodalquilar"]
[Black "amintabatabaei"]
[Result "0-1"]
[WhiteElo "2736"]
[BlackElo "2997"]
[TimeControl "180+1"]
[EndTime "11:56:11 PDT"]
[Termination "amintabatabaei won on time"]

1. d4 Nf6 2. Bf4 g6 3. e3 Bg7 4. Nf3 O-O 5. Be2 d6 6. O-O Nh5 7. Bg5 h6 8. Bh4 g5 9. Nfd2 Nf4 10. exf4 gxh4 11. c3 c5 12. dxc5 dxc5 13. Nc4 Qc7 14. Qd2 Nc6 15. Qe3 b6 16. Nbd2 Bf5 17. Nf3 h3 18. g3 Rad8 19. Rfd1 Rxd1+ 20. Rxd1 Rd8 21. Rxd8+ Qxd8 22. Qd2 Qc8 23. Nfe5 Be6 24. Bf3 Nxe5 25. Nxe5 Qc7 26. Nc6 Bxa2 27. b4 cxb4 28. Qxa2 bxc3 29. Qe2 Bf6 30. Be4 Qd6 31. Qg4+ Bg7 32. Qxh3 Qd1+ 33. Kg2 e6 34. Qh4 c2 35. Bxc2 Qxc2 36. Qd8+ Kh7 37.
Ne7 h5 38. Qg8+ Kh6 39. Qxf7 Qe4+ 40. Kh3 a5 41. Kh4 Kh7 42. Qxh5+ Bh6 43. Qf7+ Bg7 44.
Kh5 Qa8 45. Qg6+ Kh8 46. Qf7 Kh7 47. Qg6+ Kh8 48. Qxe6 a4 49. Ng6+ Kh7 50. Qf5 Kg8 51. Ne7+ Kh8 52. Kg6 Qe8+ 0-1

[Event "*** Titled Tuesday Blitz"]
[Site "Chess.com"]
[Date "2021.04.20"]
[Round "10"]
[White "SchmakAttack"]
[Black "TimofeevAr"]
[Result "0-1"]
[WhiteElo "2630"]
[BlackElo "2820"]
[TimeControl "180+1"]
[EndTime "11:56:11 PDT"]
[Termination "TimofeevAr won on time"]

1. Nf3 d5 2. g3 g6 3. c4 d4 4. Bg2 Bg7 5. O-O Nc6 6. d3 e5 7. Na3 Nf6 8. Nc2 a5 9. e3 dxe3 10.
Bxe3 O-O 11. d4 exd4 12. Ncxd4 Nxd4 13. Bxd4 c6 14. Qb3 a4 15. Qa3 Bg4 16. Rad1 Qc8 17.
Rfe1 Rd8 18. Qc3 Qf5 19. Nh4 Qh5 20. f3 Rxd4 21. Qxd4 Be6 22. Qe5 Qxe5 23. Rxe5 Bxc4 24. b3 Be6 25. Re2 Nd5 26. Red2 g5 27. f4 gxh4 28. gxh4 Bf6 29. f5 Bxf5 30. Bxd5 cxd5 31. Rf2 Be6 32. Rxf6 axb3 33. axb3 Ra3 34. Rf3 Kf8 35. Rc1 d4 36. Rd3 Rxb3 37. Rxd4 Ke7 38. Rc7+ Kf6 39. Rc5 b5 40.
Kf2 Rb2+ 41. Kg3 b4 42. Rb5 b3 43. Rf4+ Ke7 44. Rb7+ Kd6 45. Rfb4 h5 46. Rb8 Ke7 47.
R4b5 Rc2 48. Rxh5 f5 49. Rh7+ Kf6 50. Rhb7 Ke5 0-1

[Event "*** Titled Tuesday Blitz"]
[Site "Chess.com"]
[Date "2021.04.20"]
[Round "10"]
[White "Taktikmonster"]
[Black "GameOverBro"]
[Result "1/2-1/2"]
[WhiteElo "2418"]
[BlackElo "2524"]
[TimeControl "180+1"]
[EndTime "11:56:13 PDT"]
[Termination "Game drawn - insufficient material"]

1. e4 a6 2. d4 b6 3. Nc3 c6 4. Nf3 d6 5. Bf4 e6 6. Qd2 f6 7. O-O-O b5 8. Bd3 a5 9. g4 Ne7 10. g5 Ng6 11. h4 Nxf4 12. Qxf4 b4 13. Ne2 a4 14. e5 fxe5 15. dxe5 d5 16. g6 hxg6 17.
Bxg6+ Kd7 18. Ng5 Be7 19. Nxe6 Qg8 20. N2d4 c5 21. Nb5 Kc6 22. Nbc7 Bxe6 23. Nxa8 Nd7 24.
Kb1 Qxa8 25. h5 Qf8 26. Qg3 a3 27. bxa3 bxa3 28. Qxa3 Qb8+ 29. Ka1 Qb4 30. Qxb4 cxb4 31. f4 Ra8 32. Kb2 Nc5 33. f5 Bg8 34. e6 Bf6+ 35.
Kc1 Rxa2 36. Kd2 Bg5+ 37. Ke2 Rxc2+ 38. Kf3 Nxe6 39. fxe6 Bxe6 40. Bxc2 d4 41. Be4+ Kb5 42. Rb1 b3 43. Rhd1 Be3 44. Rd3 Ka4 45. Rxe3 dxe3 46.
Kxe3 Ka3 47. Kd3 Ka2 48. Kc3 Bf7 49. Rb2+ Ka3 50. Bg6 Bd5 51. Rb1 Ka2 52. Rb2+ Ka3 53. Rf2 Be6 54. Kd4 Bg4 55. Ke5 b2 56. Rf1 Ka2 57.
Kf4 Bxh5 58. Bxh5 b1=Q 59. Rxb1 Kxb1 60. Kg5 Kc2 61. Kg6 Kc3 62. Kxg7 1/2-1/2

[Event "*** Titled Tuesday Blitz"]
[Site "Chess.com"]
[Date "2021.04.20"]
[Round "10"]
[White "elcandado"]
[Black "MaevskiyNikolay"]
[Result "1-0"]
[WhiteElo "2636"]
[BlackElo "2470"]
[TimeControl "180+1"]
[EndTime "11:56:14 PDT"]
[Termination "elcandado won by checkmate"]

1. d4 d5 2. Bf4 e6 3. e3 c5 4. c3 Nc6 5. Nf3 Nf6 6. Nbd2 Bd6 7.
Bg3 O-O 8. Bd3 Qe7 9. Ne5 Bxe5 10. dxe5 Nd7 11. f4 f6 12. exf6 Nxf6 13. e4 c4 14. Bc2 Bd7 15. O-O Rae8 16. e5 Ne4 17. Nxe4 dxe4 18.
Bxe4 Qc5+ 19. Bf2 Qe7 20. Qg4 Qf7 21. Bxc6 Bxc6 22. Bc5 Qc7 23. Bxf8 Kxf8 24. f5 exf5 25.
Qxf5+ Kg8 26. e6 Rd8 27. Qf7+ Qxf7 28. exf7+ Kf8 29. Rad1 Rxd1 30. Rxd1 Kxf7 31. Kf2 Ke6 32. g3 b5 33. Rd8 Ke7 34. Rc8 Bd7 35. Rc7 a5 36. a4 bxa4 37. Rxc4 Kd6 38. Ke3 Bb5 39.
Rg4 g6 40. Kd4 Bd7 41. Rf4 Ke6 42. Rf2 h5 43. h4 Bb5 44. c4 Bd7 45. Rf8 Ke7 46.
Ra8 Bc6 47. Rxa5 Bf3 48. Ke5 Be2 49. Ra7+ Kd8 50. c5 Kc8 51. Rxa4 Bd3 52. Rd4 Bf5 53.
Kd6 Kb7 54. Rb4+ Kc8 55. Rb6 Be4 56. b4 Ba8 57. Ra6 Bb7 58. Ra7 Be4 59. Re7 Bf5 60. c6 Kb8 61. Rf7 Bg4 62. b5 Bh3 63. b6 Bc8 64. Rf8 g5 65. b7 Ka7 66. bxc8=Q g4 67.
Qb7# 1-0

[Event "*** Titled Tuesday Blitz"]
[Site "Chess.com"]
[Date "2021.04.20"]
[Round "10"]
[White "WPWPWP-2015"]
[Black "BigAl"]
[Result "1/2-1/2"]
[WhiteElo "2462"]
[BlackElo "2583"]
[TimeControl "180+1"]
[EndTime "11:56:14 PDT"]
[Termination "Game drawn by stalemate"]

1. e4 c6 2. Nc3 d5 3. Nf3 dxe4 4. Nxe4 Nf6 5. Ng3 h5 6. d4 h4 7. Ne2 h3 8. g3 Bg4 9. Nc3 Bxf3 10. Qxf3 Qxd4 11.
Bf4 Nbd7 12. Bd3 Ne5 13. Bxe5 Qxe5+ 14. Kd1 Qh5 15. Ke2 e6 16. Rhe1 Bb4 17. a3 Be7 18.
Rad1 O-O-O 19. Qxh5 Rxh5 20. f4 Ng4 21. Rh1 Bc5 22. Ne4 Bb6 23. Rdf1 Rhd5 24. Ng5 R8d7 25.
Nf3 f6 26. Ng1 Ne3 27. Rc1 Nf5 28. Nxh3 Nd4+ 29. Kf1 Nb3 30. Re1 Nc5 31. Bc4 Rd2 32. Re2 R7d4 33. b3 Ne4 34. Ng1 Nc3 35. Rxd2 Rxd2 36.
Ne2 Nd5 37. Bd3 Rd1+ 38. Kg2 Ne3+ 39. Kf3 Rxh1 40. g4 Rxh2 41. g5 fxg5 42. fxg5 Kd7 43.
c3 Nd5 44. c4 Rh3+ 45. Ke4 Ne7 46. c5 Bxc5 47. Nf4 Rh4 48. Kf3 Rxf4+ 49. Kxf4 Bxa3 50. Ke4 Bb2 51. Bc4 b5 52. Bd3 a5 53.
Bc2 Nd5 54. Kd3 c5 55. Ke2 Bc1 56. Bd3 Kc6 57. Bg6 Bxg5 58. Be8+ Kd6 59. Bxb5 Nc3+ 60.
Kd3 Nxb5 61. Kc4 Nd4 62. b4 axb4 63. Kd3 Kd5 1/2-1/2

[Event "*** Titled Tuesday Blitz"]
[Site "Chess.com"]
[Date "2021.04.20"]
[Round "10"]
[White "kuba2006"]
[Black "Steegersee"]
[Result "1-0"]
[WhiteElo "2328"]
[BlackElo "2222"]
[TimeControl "180+1"]
[EndTime "11:56:15 PDT"]
[Termination "kuba2006 won on time"]

1. b3 e5 2. Bb2 Nc6 3. e3 Nf6 4. Bb5 e4 5. f3 a6 6. Bxc6 dxc6 7.
fxe4 Nxe4 8. Nf3 Bg4 9. O-O f6 10. h3 Bh5 11. d3 Ng5 12. Nbd2 Qd7 13. Qe1 Nxf3+ 14. Nxf3 O-O-O 15. Qh4 Bg6 16. Rae1 Be7 17. Kh1 f5 18. Qf4 Bd6 19. Be5 Rhf8 20. d4 h6 21. c4 Bh7 22. Bxd6 g5 23. Qg3 cxd6 24. c5 f4 25.
exf4 gxf4 26. Qh4 Qg7 27. Re7 Qf6 28. Qxf6 Rxf6 29. Rxh7 dxc5 30. dxc5 Rg8 31. Re7 Rfg6 32. Re2 Rg3 33. Rd1 Rf8 34. Rd6 h5 35. Kh2 Rfg8 36. Rh6 Rd8 37. Rhe6 Rd1 38. Re8+ Kc7 39. R2e7+ Rd7 40.
Rxd7+ Kxd7 41. Rh8 Rg7 42. Rxh5 Ke6 43. Rh6+ Kd5 44. b4 Kc4 45. a3 Kb3 46. Rf6 Kxa3 47. Rxf4 Ka4 48. h4 Kb5 49. h5 Rh7 50. g4 a5 51.
bxa5 Kxc5 52. Kg3 Kb5 53. Kh4 c5 54. g5 c4 55. g6 1-0

[Event "*** Titled Tuesday Blitz"]
[Site "Chess.com"]
[Date "2021.04.20"]
[Round "10"]
[White "HackingKid98"]
[Black "azikom"]
[Result "0-1"]
[WhiteElo "2470"]
[BlackElo "2638"]
[TimeControl "180+1"]
[EndTime "11:56:16 PDT"]
[Termination "azikom won on time"]

1. d4 d5 2. c4 c6 3. Nf3 Nf6 4. g3 dxc4 5. a4 Bf5 6. Nc3 e6 7. Bg2 Nbd7 8. Nd2 Nb6 9. a5 Nbd5 10. Nxc4 Nb4 11. e4 Bg4 12. f3 Bh5 13. Be3 Be7 14. O-O O-O 15. Qb3 h6 16. Rfd1 Nd7 17. Na4 b5 18.
Nc5 bxc4 19. Qxb4 Nxc5 20. dxc5 Qb8 21. Qxc4 Qxb2 22. Ra2 Qb8 23. Bf4 e5 24. Be3 Rd8 25.
Rad2 Rxd2 26. Rxd2 Qc7 27. a6 Rd8 28. Rxd8+ Qxd8 29.
Kf2 Bg5 30. Ke2 Bxe3 31. Kxe3 Qa5 32. Bf1 Qe1+ 33. Qe2 Qc3+ 34. Qd3 Qxc5+ 35. Kd2 f6 36.
Qd8+ Kh7 37. Qc7 Bxf3 38. Bd3 Qf2+ 39. Kc3 Qd4+ 40. Kc2 Bxe4 41. Bxe4+ Qxe4+ 42. Kc3 Qd4+ 43. Kc2 Qc4+ 44. Kd2 Qxa6 45. Qe7 Qa2+ 46. Ke3 a5 47. h4 Qb3+ 48. Ke4 Qxg3 49. Qd7 Qxh4+ 50. Ke3 Qf4+ 51.
Ke2 Qe4+ 52. Kf2 Qd4+ 53. Kf3 Qxd7 0-1

[Event "*** Titled Tuesday Blitz"]
[Site "Chess.com"]
[Date "2021.04.20"]
[Round "10"]
[White "McCarthyStone"]
[Black "KubaGepard"]
[Result "0-1"]
[WhiteElo "2374"]
[BlackElo "2421"]
[TimeControl "180+1"]
[EndTime "11:56:16 PDT"]
[Termination "KubaGepard won by resignation"]

1. e4 c5 2. Nf3 e6 3. d3 g6 4. g3 Bg7 5. Bg2 Nc6 6. h4 h5 7.
O-O Nge7 8. Nc3 O-O 9. Bg5 a6 10. Qd2 b5 11. Bh6 b4 12. Ne2 d5 13. Bxg7 Kxg7 14.
Nf4 d4 15. e5 Nf5 16. Ng5 Qc7 17.
Rae1 Bd7 18. Ne4 Nxe5 19. Nxh5+ gxh5 20. Qg5+ Ng6 21. Nf6 Bc6 22. Nxh5+ Kh8 23. Qf6+ Kh7 24. Be4 Rg8 25. Bxc6 Qxc6 26. Qxf7+ Rg7 27. Nxg7 Nxg7 28. h5 Nh8 29. Qf6 Qd7 30. Re4 Qf7 31. Qxf7 Nxf7 32.
g4 Ng5 33. Rf4 Nh3+ 34. Kh2 Nxf4 35. Kg3 Nd5 36. Re1 Kh6 37. Re5 Rf8 38. f4 Rxf4 39. a3 Rf1 40. axb4 cxb4 41. Kh4 Rh1+ 42. Kg3 Nf6 43. Ra5 Ngxh5+ 44. gxh5 Nxh5+ 45. Kg2 Rc1 46. Rxa6 Rxc2+ 47. Kf3 Rxb2 48. Rxe6+ Kg5 49. Rd6 Nf4 50.
Rxd4 Rb3 51. Ke4 Ne2 52. Rd5+ Kg4 53. Rd8 Nc3+ 54. Kd4 Ne2+ 55. Ke4 Rb1 56. Rg8+ Kh3 57. Kf3 Ng1+ 58. Kf2 b3 59. Rh8+ Kg4 60. Rg8+ Kf4 61. d4 Ke4 62. d5 Kxd5 63. Rd8+ Kc4 64. Rd1 Rxd1 0-1

[Event "*** Titled Tuesday Blitz"]
[Site "Chess.com"]
[Date "2021.04.20"]
[Round "10"]
[White "zubridis"]
[Black "scarabee43"]
[Result "1/2-1/2"]
[WhiteElo "2555"]
[BlackElo "2638"]
[TimeControl "180+1"]
[EndTime "11:56:17 PDT"]
[Termination "Game drawn by stalemate"]

1. e4 c5 2. Nf3 e6 3. d4 cxd4 4.
Nxd4 Nc6 5. Nc3 Qc7 6. Be3 a6 7. Qf3 Bd6 8. O-O-O Be5 9. Nxc6 bxc6 10. Bd4 Nf6 11.
Bxe5 Qxe5 12. Qe3 a5 13. f4 Qc7 14. e5 Nd5 15. Qg3 O-O 16. Ne4 f5 17. Nd6 Ba6 18. c4 Ne7 19. Qc3 Nc8 20. Be2 Nxd6 21. Rxd6 Rfb8 22.
Rhd1 Bc8 23. h3 Qb6 24. Qd4 Qb4 25. Rd2 c5 26. Qe3 Ra6 27. Rxa6 Bxa6 28. Qd3 Rb7 29.
g4 fxg4 30. hxg4 Qb6 31. f5 Qc7 32. Qe3 Rb4 33. f6 h6 34. Qe4 d5 35. exd6 Qd7 36.
Qg6 Bxc4 37. Qxg7+ Qxg7 38. fxg7 Bd5 39. d7 Rb8 40. Bc4 Kxg7 41. Bxd5 exd5 42. Rxd5 Rd8 43. Kc2 Kf6 44. Kc3 Ke6 45. Kc4 Ke7 46. Kxc5 Rg8 47.
Kc6 Kd8 48. Rd6 Rxg4 49. Rxh6 Rc4+ 50. Kd5 Rc2 51. Rb6 Kxd7 52. Rb7+ Kc8 53. Rb5 Kd8 54.
Kd4 a4 55. Kd3 Rh2 56. Kc3 a3 57. bxa3 Rxa2 58. Kb3 Ra1 59. a4 Kc7 60. Kb4 Rb1+ 61. Ka5 Rxb5+ 62. axb5 Kb7 63. b6 Kb8 64. Ka6 Ka8 65.
b7+ Kb8 66. Kb6 1/2-1/2

[Event "*** Titled Tuesday Blitz"]
[Site "Chess.com"]
[Date "2021.04.20"]
[Round "10"]
[White "Pantata007"]
[Black "lamomiablanca"]
[Result "0-1"]
[WhiteElo "2231"]
[BlackElo "2401"]
[TimeControl "180+1"]
[EndTime "11:56:17 PDT"]
[Termination "lamomiablanca won on time"]

1. d4 d5 2. c4 c6 3. Nc3 Nf6 4. e3 g6 5. Nf3 Bg7 6. Be2 O-O 7. O-O Bg4 8. h3 Bxf3 9. Bxf3 e6 10. Qb3 Qb6 11.
c5 Qxb3 12. axb3 Nbd7 13. b4 e5 14. b5 Ne8 15. bxc6 bxc6 16. b4 exd4 17. exd4 Bxd4 18. Bd2 Nc7 19. Rab1 Rfe8 20. Ne2 Bg7 21. Rfe1 Nb5 22. Nf4 a5 23. bxa5 Nxc5 24. Nxd5 Na3 25. Rxe8+ Rxe8 26. Rc1 Nb3 27. Rxc6 Nxd2 28. a6 Re1+ 29. Kh2 Be5+ 30. g3 Nxf3+ 31. Kg2 Ra1 32. a7 Nb5 33. Rc8+ Kg7 34.
a8=Q Rxa8 35. Rxa8 Nfd4 36. Re8 Bf6 37. Nxf6 Kxf6 38.
h4 Ne6 39. Rh8 h5 40. Rb8 Nd6 41. Rb6 Nf5 42. Ra6 Ne7 43. Ra7 Nc6 44. Ra6 Ne5 45. Ra7 Ng4 46. Rb7 Nd4 47. Ra7 Nf5 48. Rb7 Ne5 49. Ra7 Ng4 50. Ra6+ Kg7 51. Ra7 Nf6 52. Rb7 Nd6 53. Ra7 Nde4 54. Rb7 Ng4 55. f3 Ne3+ 56. Kh2 Nf6 57. Ra7 Nf5 58. Rb7 Nd4 59.
Kg2 Ne6 0-1

[Event "*** Titled Tuesday Blitz"]
[Site "Chess.com"]
[Date "2021.04.20"]
[Round "10"]
[White "zurzan"]
[Black "yonaltimur"]
[Result "1-0"]
[WhiteElo "2007"]
[BlackElo "1747"]
[TimeControl "180+1"]
[EndTime "11:56:18 PDT"]
[Termination "zurzan won by resignation"]

1. f4 d5 2. Nf3 c5 3. g3 g6 4. Bg2 Bg7 5. O-O Nc6 6. d3 Nf6 7.
c3 O-O 8. Qc2 Bf5 9. Nh4 d4 10.
Nxf5 gxf5 11. a4 Rc8 12. Na3 Nd5 13. c4 Ne3 14. Bxe3 dxe3 15. Nb5 Nd4 16. Nxd4 cxd4 17. Bxb7 Rb8 18. Bf3 Qc7 19. Rab1 a5 20. b3 Qc5 21. Rfc1 Rfc8 22. Qd1 e6 23. Qe1 Rb4 24. h3 Rcb8 25. Qd1 Kh8 26. Kg2 Bf6 27. Rb2 Be7 28. Rcb1 Qb6 29.
Qc2 Bc5 30. g4 fxg4 31. hxg4 f5 32. g5 Kg7 33. Rh1 Rxb3 34. Rxb3 Qxb3 35. Qd1 Qxd1 36.
Rxd1 Rb4 37. Ra1 Rb2 38. Kh3 h6 39. Kh4 Bd6 40. Kh5 Bxf4 41. gxh6+ Bxh6 42. Rg1+ Kh7 43. Rg6 Bf4 44. Rxe6 Rb8 45. Ra6 Rd8 46. Ra7+ Kg8 47. Kg6 Bd6 48. Bd5+ Kf8 49. Kxf5 Bb4 50. Rf7+ Ke8 51.
Rc7 Kf8 52. Ke4 Re8+ 53. Kxd4 Bd2 54. Rf7+ Kg8 55. Rf5+ Kg7 56. c5 Bb4 57. c6 Rd8 58. Rf7+ Kg6 59. Rd7 Rc8 60. Kxe3 Bc5+ 61. Ke4 Bb6 62.
Rb7 Bc7 63. Be6 Kf6 64. Bxc8 1-0